 Dungeon Crawl Stone Soup version 0.18-a0-1027-g814d7dd (webtiles) character file.

21 Duffy the Digger (level 2, -6/15 HPs)
             Began as a Gargoyle Earth Elementalist on Jan 8, 2016.
             Killed from afar by Terence (12 damage)
             ... with a wand of frost
             ... on level 2 of the Dungeon.
             The game lasted 00:01:46 (1203 turns).

Duffy the Digger (Gargoyle Earth Elementalist)      Turns: 1203, Time: 00:01:46

Health: -6/15      AC:  4    Str: 11    XL:     2   Next: 83%
Magic:  5/5        EV: 12    Int: 15    God:
Gold:   57         SH:  0    Dex: 10    Spells: 1 memorised, 5 levels left

rFire  . . .     SeeInvis .     h - +0 dagger
rCold  . . .     Gourm    .     c - +0 robe
rNeg   + + .     Faith    .     (no shield)
rPois  ∞         Spirit   .     (no helmet)
rElec  +         Dismiss  .     (no cloak)
rCorr  .         Reflect  .     (no gloves)
SustAt .         Harm     .     (no boots)
MR     .....                    (no amulet)
Stlth  ++........               (no ring)
                                g - ring of positive energy

@: not resistant to hostile enchantments, unstealthy
A: negative energy resistance 1, electricity resistance, unbreathing,
petrification resistance, rot immunity, AC +2
a: no special abilities


You were on level 2 of the Dungeon.
You were very hungry.

You visited 1 branch of the dungeon, and saw 2 of its levels.

You collected 57 gold pieces.


Innate Abilities, Weirdness & Mutations

You are resistant to torment.
Your stone body is resilient (AC +2).
You are immune to poison.
You resist negative energy.
You are resistant to electric shocks.
You can survive without breathing.
You are immune to petrification.
You are immune to rotting.


   Skills:
 - Level 1.5 Dodging
 - Level 2.1 Stealth
 + Level 2.6 Spellcasting
   Level 0.7 Transmutations
 + Level 4.1 Earth Magic


You had 5 spell levels left.
You knew the following spells:

 Your Spells              Type           Power        Failure   Level  Hunger
a - Sandblast             Erth           ##....       4%          1    #......

Inventory:

Hand Weapons
 h - a +0 dagger (weapon)
Missiles
 b - 33 stones (quivered)
Armour
 c - a +0 robe (worn)
Jewellery
 g - a ring of positive energy (left hand)
Scrolls
 e - a scroll of teleportation {unknown}
 f - 2 scrolls of amnesia {unknown}
Books
 a - a book of Geomancy
Comestibles
 d - 2 bread rations
 i - 2 fruits

Dungeon Overview and Level Annotations

Branches:
Dungeon (2/15)

Altars:
Zin

Annotations:
D:2 Terence


Message History

You climb downwards.
There is a stone staircase leading up here.
You are feeling very hungry.
You open the door.
A kobold comes into view.
There is an open door here.
The kobold throws a stone.
The stone barely misses you.
The kobold throws a stone.
The stone misses you.
The kobold throws a stone.
The stone hits you but does no damage.
You see here a stone.
You hit the kobold.
You kill the kobold!
You see here a kobold corpse.
b - 21 stones (gained 1)
b - 23 stones (gained 2)
You open the door.
There is an open door here.
A giant cockroach comes into view.
A giant cockroach is nearby!
The helpless giant cockroach fails to defend itself.
You puncture the giant cockroach!
You kill the giant cockroach!
i - 2 fruits
b - 33 stones (gained 10)
You now have 57 gold pieces (gained 10).
Found a glowing silver altar of Zin.
Terence the Incautious comes into view.
He is wielding a short sword of draining.
Terence shouts!
Terence screams, "I want your blood!"
Terence zaps a wand.
The puff of frost hits you!
Ouch! That really hurt!
It is a wand of frost.
Terence zaps a wand.
The puff of frost hits you!
Ouch! That really hurt!
You die...

#..........#
#..........#
#..........#
#..........#
#..........#
#..........#
###..........#
#............#
#@########+#
#.# ...
#.#####.# #
#.#..... ..
#.#.... ...
#.#..# ....
#@#..#.....
#......_...
###......#


You could see Terence.

Action                   || total
-------------------------++-------
Melee: Dagger            ||    17
 Cast: Sandblast         ||    33
 Stab: Sleeping          ||     2

Notes
Turn   | Place    | Note
--------------------------------------------------------------
     0 | D:1      | Duffy the Gargoyle Earth Elementalist began the quest for the Orb.
     0 | D:1      | Reached XP level 1. HP: 10/10 MP: 3/3
   282 | D:1      | Reached XP level 2. HP: 15/15 MP: 3/5
   409 | D:1      | Reached skill level 4 in Earth Magic
  1193 | D:2      | Found a glowing silver altar of Zin.
  1194 | D:2      | Noticed Terence
  1203 | D:2      | Killed from afar by Terence

Vault maps used:
D:1:      saegor_arrival_simple_f
D:2:      nicolae_overflow_crystal_walls, lemuel_doored_altar, vehumet_crystals,
          uniq_jessica, uniq_terence

Vanquished Creatures
  A giant gecko
  5 bats
  2 giant cockroaches
  2 hobgoblins
  3 kobolds
  A giant newt
  A goblin
  6 rats
21 creatures vanquished.
